 Dungeon Crawl Stone Soup version 0.28-a0-429-g1448048969 (webtiles) character file.

Game seed: 6602832261740054483

217 omnomnOMINOUS the Skirmisher (level 5, -4/38 HPs)
             Began as an Octopode Wanderer on Sept 12, 2021.
             Was a Priest of Cheibriados.
             Slain by a gnoll (5 damage)
             ... on level 4 of the Dungeon.
             The game lasted 00:08:01 (3178 turns).

omnomnOMINOUS the Skirmisher (Octopode Wanderer)    Turns: 3178, Time: 00:08:02

Health: -4/38      AC:  1    Str: 18    XL:     5   Next: 94%
Magic:  7/7        EV: 15    Int: 21    God:    Cheibriados [***...]
Gold:   3          SH:  0    Dex: 20    Spells: 6/7 levels left

rFire   . . .      SeeInvis .   a - +2 spear
rCold   . . .      Faith    .   (no shield)
rNeg    + . .      Spirit   .   (helmet restricted)
rPois   .          Reflect  .   (no amulet)
rElec   .          Harm     .   m - ring of positive energy
rCorr   .          Rampage  .   (no ring)
Will    .....                   (no ring)
Stlth   ++++......              (no ring)
HPRegen 0.12/turn               (no ring)
MPRegen 0.10/turn               (no ring)
                                (no ring)
                                (no ring)

@: very slow
A: almost no armour, amphibious, 8 rings, camouflage 1, gelatinous body 1,
nimble swimmer 1, tentacles
a: Renounce Religion, Bend Time, Temporal Distortion


You were on level 4 of the Dungeon.
You worshipped Cheibriados.
Cheibriados was most pleased with you.
You visited 1 branch of the dungeon, and saw 4 of its levels.

You collected 115 gold pieces.
You spent 112 gold pieces at shops.

Inventory:

Hand Weapons
 a - a +2 spear (weapon)
 b - a +0 lajatang
Missiles
 i - 3 throwing nets (quivered)
Jewellery
 m - a ring of positive energy (left tentacle)
Scrolls
 c - 2 scrolls of identify {unknown}
 e - a scroll of vulnerability {unknown}
 f - a scroll of holy word {unknown}
 g - a scroll of immolation {unknown}
 h - a scroll of fear {unknown}
 k - a scroll of noise {unknown}
 n - a scroll of magic mapping {unknown}
 o - 3 scrolls of teleportation
Potions
 d - a potion of resistance {unknown}
 j - 2 potions of heal wounds
 l - a potion of magic {unknown}


   Skills:
 + Level 4.6 Fighting
 - Level 1.0 Polearms
 + Level 4.5 Dodging
 - Level 1.3 Stealth
 + Level 1.9 Spellcasting
 * Level 2.5 Conjurations
 - Level 1.1 Evocations


You had 6 spell levels left.
You knew the following spells:

 Your Spells              Type           Power      Damage    Failure   Level
a - Foxfire               Conj/Fire      28%        2x1d5     9%          1

Your spell library contained the following spells:

 Spells                   Type           Power      Damage    Failure   Level
 Conjure Flame            Conj/Fire      7%         6-21      26%         3
 Inner Flame              Hex/Fire       2%         N/A       41%         3
 Flame Wave               Conj/Fire      7%         3d4       65%         4


Dungeon Overview and Level Annotations

Branches:
Dungeon (4/15)
 Temple: D:4-7

Altars:
Cheibriados
Trog

Shops:
D:2 !

Annotations:
D:3 3 runed translucent doors, Dittersdorf's ghost, amateur GrFi
D:4 Sigmund


Innate Abilities, Weirdness & Mutations

You cannot wear most types of armour.
You are amphibious.
You can wear up to eight rings at the same time.
Your skin changes colour to match your surroundings (Stealth+).
Your rubbery body absorbs attacks. (AC +1, EV +1)
You are camouflaged near water. (Stealth+)
You have tentacles for arms and can constrict up to eight enemies at once.


Message History

You climb downwards.
There is a stone staircase leading up here. 2 gnolls come into view.
Found a stone staircase leading down.
The gnoll shouts! x2; You hear a shout!
Sigmund the Dreaded comes into view.
He is wielding a +0 scythe.
A gnoll comes into view. It is wielding a +0 halberd.
The gnoll completely misses you.
Sigmund says, "Don't worry, I'll kill you fast."
Sigmund mumbles some strange words.
Sigmund flickers and vanishes!
Deactivating autopickup; reactivate with Ctrl-A.
The gnoll hits you with a +0 club! The gnoll misses you.
The gnoll closely misses you.
The gnoll shouts!
The gnoll closely misses you. The gnoll hits you with a +0 club.
The gnoll hits you with a +0 club. The gnoll misses you.
Sigmund appears from thin air!
Reactivating autopickup.
The gnoll closely misses you. Sigmund closely misses you.
The gnoll barely misses you. The gnoll closely misses you.
The gnoll hits you with a +0 club.
Sigmund casts a spell.
Sigmund flickers and vanishes!
Deactivating autopickup; reactivate with Ctrl-A.
The gnoll closely misses you. The gnoll hits you with a +0 club.
The gnoll hits you with a +0 club!
* * * LOW HITPOINT WARNING * * *
The gnoll hits you from afar with a +0 halberd!
* * * LOW HITPOINT WARNING * * *
The gnoll closely misses you.
Unknown command.
The gnoll closely misses you. The gnoll hits you with a +0 club.
You die...

#≈≈≈≈≈≈≈≈≈#
##≈≈≈≈≈≈≈≈##
#≈≈≈≈≈≈≈≈≈#
#≈≈≈≈≈≈≈≈≈#
#≈≈≈≈≈≈≈≈≈#
#≈≈≈≈≈≈≈≈≈#
≈≈≈≈≈≈≈≈≈≈#
≈≈≈≈≈≈≈≈≈≈#
≈..≈.≈.@≈≈#
.......g..#
.......g..#
#######...#
##g### #..#
#.######.##
#........#
#######.##


You could see 3 gnolls.

Vanquished Creatures
  A scorpion (D:2)
  An orc wizard (D:2)
  A howler monkey skeleton (D:3)
  3 adders
  3 worms
  2 dart slugs (D:2)
  11 orcs
  4 endoplasms
  7 giant cockroaches
  3 goblins
  7 hobgoblins
  4 jackals (D:1)
  3 quokkas
  6 ball pythons
  8 bats
  2 frilled lizards (D:1)
  3 kobolds (D:1)
  6 rats
75 creatures vanquished.

Notes
Turn   | Place    | Note
-------+----------+-------------------------------------------
     0 | D:1      | omnomnOMINOUS the Octopode Wanderer began the quest for the
                  | Orb.
     0 | D:1      | omnomnOMINOUS set off with the following items: a +2 spear,
                  | 2 scrolls of teleportation
     0 | D:1      | Reached XP level 1. HP: 17/17 MP: 1/1
   278 | D:1      | Reached XP level 2. HP: 22/22 MP: 2/2
   573 | D:1      | Found a faded altar of an unknown god.
   582 | D:1      | Became a worshipper of Cheibriados the Contemplative
   582 | D:1      | Reached * piety under Cheibriados
   671 | D:1      | Reached XP level 3. HP: 26/27 MP: 3/3
  1054 | D:2      | Reached ** piety under Cheibriados
  1069 | D:2      | Found a bloodstained altar of Trog.
  1078 | D:2      | Reached skill level 1 in Spellcasting
  1084 | D:2      | Learned a level 1 spell: Foxfire
  1203 | D:2      | Found Vaoteo's Distillery.
  1214 | D:2      | Bought a potion of curing for 42 gold pieces
  1729 | D:2      | Reached XP level 4. HP: 33/33 MP: 5/5
  1764 | D:3      | Reached skill level 1 in Conjurations
  1932 | D:3      | Found a runed translucent gate.
  1933 | D:3      | Found a runed translucent gate.
  1934 | D:3      | Found a runed translucent gate.
  1935 | D:3      | Noticed Dittersdorf's ghost (amateur GrFi)
  1979 | D:3      | Noticed a scorpion
  2168 | D:2      | Reached XP level 5. HP: 19/38 MP: 7/7
  2603 | D:3      | Reached *** piety under Cheibriados
  2948 | D:2      | Bought a potion of heal wounds for 70 gold pieces
  3145 | D:4      | Noticed Sigmund
  3176 | D:4      | HP: 1/38 [gnoll (10)]
  3178 | D:4      | Slain by a gnoll

Illustrated notes

Levels and vault maps discovered:
D:1:      lightli_arrival_maybe_door_vault, layout_loops_cross,
          shapermc_ecumenical_altar_mp_highgroup
D:2:      layout_loops_ring, basic_altar, serial_shops, nicolae_shop_statue_plus
D:3:      layout_rooms, ebering_ghost_rock_garden
D:4:      minmay_goblin_kobold_castle, layout_cave_pools, minmay_shop_mass,
          uniq_sigmund

Skill      XL: |  1  2  3  4  5 |
---------------+----------------+-----
Dodging        | 4 |  4.5
Spellcasting   | 1 |  1.9
Conjurations   | 1 2 |  2.5
Fighting       | |  4.6
Polearms       | |  1.0
Stealth        | |  1.3
Evocations     | |  1.1

Action                   |  1- 3 |  4- 6 || total
-------------------------+-------+-------++-------
Melee: Spear             |    92 |    71 ||   163
       Tentacles         |    11 |    17 ||    28
       Constrict         |    10 |    16 ||    26
  Use: Potion            |       |     2 ||     2
 Stab: Sleeping          |    20 |     2 ||    22
Armor: Skin              |     3 |     5 ||     8
Dodge: Dodged            |    26 |    81 ||   107

Table legend: (Time is in decaauts)
 A = Elapsed time spent in this place.
 B = Non-inter-level travel time spent in this place.
 C = Inter-level travel time spent in this place.
 D = Time resting spent in this place.
 E = Time spent auto-exploring this place.
 F = Levels seen in this place.
 G = Mean time per level.
                   A        B        C        D        E       F      G
               +--------+--------+--------+--------+--------+-----+--------+
         Total |   4002 |   3837 |    165 |    514 |   2620 |   4 | 1000.5 |
       Dungeon |   4002 |   3837 |    165 |    514 |   2620 |   4 | 1000.5 |
               +--------+--------+--------+--------+--------+-----+--------+

Top non-repeatable levels by time:
     D:2: 1739 daAuts
     D:1: 1107 daAuts
     D:3: 768 daAuts
     D:4: 387 daAuts
